 Dungeon Crawl Stone Soup version 0.20.1-1-g8b1a95d (webtiles) character file.

262 MasterBenM the Magician (level 5, -4/40 HPs)
             Began as a Demigod Wizard on Oct 7, 2017.
             Slain by a scorpion (5 damage)
             ... on level 6 of the Dungeon.
             The game lasted 00:41:46 (2576 turns).

MasterBenM the Magician (Demigod Wizard)            Turns: 2576, Time: 00:41:47

Health: -4/40      AC:  4    Str: 10    XL:     5   Next: 64%
Magic:  2/14       EV: 12    Int: 24    God:
Gold:   111        SH:  0    Dex: 14    Spells: 2/12 levels left

rFire    . . .     SeeInvis .   N - +6 short sword
rCold    . . .     Gourm    .   (no shield)
rNeg     . . .     Faith    .   a - +1 robe
rPois    .         Spirit   .   b - +0 hat
rElec    .         Reflect  .   (no cloak)
rCorr    .         Harm     .   (no gloves)
MR       .....                  (no boots)
Stlth    ++........             (no amulet)
Regen    0.2/turn               p - ring of wizardry
MPRegen  0.2/turn               (no ring)

@: lethally poisoned (-4 -> -19)
A: high mp 1, shaggy fur 1, evolution 1, MP-powered wands
a: no special abilities


You were on level 6 of the Dungeon.
You were very hungry.

You visited 1 branch of the dungeon, and saw 6 of its levels.

You collected 111 gold pieces.

Inventory:

Hand Weapons
 e - a +0 dagger
 f - a +0 short sword
 h - a cursed -2 club
 l - a +0 dagger
 m - a +0 hand axe
 o - a +0 short sword
 r - a +0 spear
 t - a +0 spear
 y - a +0 club
 A - a +0 dagger
 C - a cursed -3 flail
 D - a cursed -1 whip
 E - a +0 spear
 G - a cursed -3 hand axe
 H - a +0 club
 I - a +0 club
 J - a +0 club
 K - a +0 flail
 L - a +0 short sword
 N - a +6 short sword (weapon)
 P - a +0 whip
 S - a +0 mace
 T - a +0 flail
Missiles
 u - 40 arrows
 x - 123 stones (quivered)
 O - 36 poisoned needles
 X - 20 sling bullets
Armour
 a - a +1 robe (worn)
 b - a +0 hat (worn)
 i - a +0 ring mail
 j - a +0 chain mail of poison resistance
 k - a cursed +0 ring mail
 q - a +0 ring mail
 v - a +0 scale mail
 F - a +0 ring mail
 M - a cursed +0 leather armour
 Q - a +0 ring mail
 U - a +0 ring mail
 V - a +0 ring mail
 W - a +0 ring mail
Jewellery
 p - a ring of wizardry (left hand)
Wands
 w - a wand of random effects (20/48)
Scrolls
 g - a scroll of remove curse
 R - a scroll of identify
Potions
 n - a potion of curing
 s - 2 potions of magic
Books
 c - a book of Minor Magic

   Spells                             Type                      Level
   a - Magic Dart                     Conjuration                  1
   b - Blink                          Translocation                2
   c - Call Imp                       Summoning                    2
   d - Slow                           Hexes                        2
   e - Conjure Flame                  Conjuration/Fire             3
   f - Mephitic Cloud                 Conjuration/Poison/Air       3
 Y - a book of Cantrips

   Spells                             Type                      Level
   a - Confusing Touch                Hexes                        1
   b - Animate Skeleton               Necromancy                   1
   c - Summon Small Mammal            Summoning                    1
   d - Apportation                    Translocation                1
 Z - a book of Changes

   Spells                             Type                      Level
   a - Beastly Appendage              Transmutation                1
   b - Sticks to Snakes               Transmutation                2
   c - Spider Form                    Transmutation/Poison         3
   d - Ice Form                       Ice/Transmutation            4
   e - Blade Hands                    Transmutation                5
Comestibles
 d - a bread ration
 z - 4 chunks of flesh


   Skills:
 + Level 1.5 Fighting
 + Level 0.5 Short Blades
 + Level 1.6 Polearms
 + Level 2.2 Dodging
 + Level 1.9 Stealth
 + Level 0.5 Unarmed Combat
 + Level 4.2 Spellcasting
 + Level 1.4 Conjurations
 + Level 1.4 Summonings
   Level 1.0 Translocations
 + Level 0.3 Transmutations
 + Level 0.1 Fire Magic


You had 2 spell levels left.
You knew the following spells:

 Your Spells              Type           Power        Failure   Level  Hunger
a - Magic Dart            Conj           ##..         2%          1    None
b - Spider Form           Tmut/Pois      #.........   11%         3    ##.....
c - Call Imp              Summ           ##......     3%          2    None
d - Animate Skeleton      Necr           N/A          4%          1    None
e - Conjure Flame         Conj/Fire      #.......     9%          3    ##.....


Dungeon Overview and Level Annotations

Branches:
Dungeon (7/15)
 Temple: D:4-7

Shops:
D:4 %


Innate Abilities, Weirdness & Mutations

You have an increased reservoir of magic. (+10% MP)
You are covered in fur. (AC +1)
You evolve.
You expend magic power (3 MP) to strengthen your wands.


Message History

The scorpion is severely wounded.
You feel sick. The scorpion barely misses you.
Casting: Magic Dart
Confirm with . or Enter, or press ? or * to list all spells.
You don't have enough magic to cast that spell.
Unknown command.
You closely miss the scorpion.
The scorpion is severely wounded.
You feel sick. The scorpion stings you.
* * * LOW HITPOINT WARNING * * *
You are more poisoned.
The scorpion poisons you!
Casting: Magic Dart
Confirm with . or Enter, or press ? or * to list all spells.
You don't have enough magic to cast that spell.
You barely miss the scorpion.
The scorpion is severely wounded.
* * * LOW HITPOINT WARNING * * *
You feel sick. The scorpion stings you.
You die...

#..#.....
##........
######..........#
................#
####.............
#.....).......
#.............
#.............
#..)@.........
##.)s÷..$....#
##..........#
##........##
##.......#
##!....## #..#.##
##.### $.


You could see a scorpion.

Vanquished Creatures
  An orc priest (D:6)
  An orc wizard (D:6)
  2 gnolls (D:2)
  2 adders (D:2)
  An ooze (D:2)
  An adder skeleton (D:4)
  A worm (D:3)
  2 dart slugs
  3 leopard geckos
  6 orcs
  2 giant cockroaches
  3 goblins
  4 hobgoblins
  4 jackals
  9 bats
  5 frilled lizards
  7 kobolds
  8 rats
62 creatures vanquished.

Vanquished Creatures (collateral kills)
  A hungry ghost (D:6)
  An orc priest (D:6)
  A gnoll (D:2)
  An orc (D:6)
  3 jackals (D:1)
  A bat (D:2)
  A rat (D:1)
9 creatures vanquished.

Grand Total: 71 creatures vanquished

Notes
Turn   | Place    | Note
-------+----------+-------------------------------------------
     0 | D:1      | MasterBenM the Demigod Wizard began the quest for the Orb.
     0 | D:1      | Reached XP level 1. HP: 14/14 MP: 6/6
   135 | D:1      | Reached skill level 3 in Spellcasting
   242 | D:1      | Reached XP level 2. HP: 6/20 MP: 1/8
   294 | D:1      | Learned a level 2 spell: Blink
   297 | D:1      | Learned a level 2 spell: Call Imp
   300 | D:1      | Learned a level 2 spell: Slow
   754 | D:2      | Reached skill level 1 in Translocations
   754 | D:2      | Reached XP level 3. HP: 24/27 MP: 6/10
   859 | D:2      | Reached skill level 1 in Conjurations
  1011 | D:2      | Found a blossoming altar of Fedhas.
  1073 | D:2      | Found a sparkling altar of Nemelex Xobeh.
  1229 | D:2      | Reached skill level 1 in Summonings
  1264 | D:2      | Gained mutation: Your body sometimes deteriorates upon taking damage. [potion of mutation]
  1264 | D:2      | Gained mutation: You can translocate small distances at will. [potion of mutation]
  1264 | D:2      | Gained mutation: You have a somewhat thin skeletal structure. (Dex +2, Stealth) [potion of mutation]
  1264 | D:2      | Gained mutation: You have a pair of small horns on your head. [potion of mutation]
  1354 | D:2      | Reached XP level 4. HP: 28/34 MP: 8/12
  1362 | D:2      | Learned a level 3 spell: Conjure Flame
  1432 | D:2      | Reached skill level 1 in Polearms
  1678 | D:3      | Found a stormy altar of Qazlal.
  1721 | D:3      | Lost mutation: You have a pair of small horns on your head. [potion of mutation]
  1721 | D:3      | Lost mutation: Your body sometimes deteriorates upon taking damage. [potion of mutation]
  1721 | D:3      | Lost mutation: You have a somewhat thin skeletal structure. (Dex +2, Stealth) [potion of mutation]
  1721 | D:3      | Gained mutation: Your skin changes colour to match your surroundings (Stealth+). [potion of mutation]
  1721 | D:3      | Gained mutation: Your mind is acute. (Int +2) [potion of mutation]
  1910 | D:3      | Lost mutation: You can translocate small distances at will. [potion of mutation]
  1910 | D:3      | Lost mutation: Your skin changes colour to match your surroundings (Stealth+). [potion of mutation]
  1910 | D:3      | Lost mutation: Your mind is acute. (Int +2) [potion of mutation]
  1910 | D:3      | Gained mutation: You evolve. [potion of mutation]
  1910 | D:3      | Gained mutation: You expend magic power (3 MP) to strengthen your wands. [potion of mutation]
  1910 | D:3      | Gained mutation: You are covered in fur. (AC +1) [potion of mutation]
  2282 | D:4      | Found Coxkaock's Food Shop.
  2339 | D:4      | Learned a level 1 spell: Animate Skeleton
  2359 | D:4      | Got an ancient large shield
  2458 | D:4      | Learned a level 3 spell: Spider Form
  2496 | D:4      | You fall through a shaft for 3 floors!
  2496 | D:7      | Noticed an ogre
  2496 | D:7      | Noticed a hungry ghost
  2500 | D:7      | Found an iron altar of Okawaru.
  2532 | D:6      | Killed a hungry ghost
  2532 | D:6      | Reached skill level 1 in Fighting
  2532 | D:6      | Reached skill level 4 in Spellcasting
  2532 | D:6      | Reached XP level 5. HP: 12/40 MP: 4/14
  2575 | D:6      | HP: 2/40 [scorpion (5)]
  2576 | D:6      | Slain by a scorpion

Skill      XL: |  1  2  3  4 |
---------------+-------------+-----
Spellcasting   | 3 4 |  4.2
Dodging        | 2 |  2.2
Translocations | 1 |  1.0
Conjurations   | 1 |  1.4
Summonings     | 1 |  1.4
Polearms       | 1 |  1.6
Fighting       | 1 |  1.5
Short Blades   | |  0.5
Stealth        | |  1.9
Unarmed Combat | |  0.5
Transmutations | |  0.3
Fire Magic     | |  0.1

Action                   |  1- 3 |  4- 6 || total
-------------------------+-------+-------++-------
Melee: Short sword       |    29 |    21 ||    50
       Dagger            |    10 |       ||    10
       Spear             |    40 |    19 ||    59
       Headbutt          |     1 |     3 ||     4
       Unarmed           |       |    16 ||    16
 Cast: Magic Dart        |    58 |    49 ||   107
       Call Imp          |    14 |     5 ||    19
       Blink             |     2 |       ||     2
       Conjure Flame     |       |     8 ||     8
       Spider Form       |       |     3 ||     3
Evoke: Wand              |     1 |       ||     1
  Use: Potion            |     8 |     2 ||    10
       Scroll            |     5 |     5 ||    10
  Eat: Royal jelly       |     1 |     1 ||     2
       Chunk             |     1 |       ||     1
       Fruit             |       |     2 ||     2
       Bread ration      |       |     1 ||     1
Armor: Robe              |    20 |     4 ||    24
Dodge: Dodged            |    69 |    43 ||   112
